Connexion

Palm Springs Eager vs Checkers

Created - 4 mars 2024 at 07:48

Goals
1 2 3 OT1 T
Palm Springs Eager 1 1 2 1 5
Checkers 1 1 2 0 4
Shots
1 2 3 OT1 T
Palm Springs Eager 6 16 13 3 38
Checkers 12 9 12 3 36

GoalsPenalties
1st period
1. Palm Springs Eager , Saku Maenalanen 30 (Colin Miller 26) at 17:37
2. Checkers , Miles Wood 30 (Ben Hutton 3, Vinni Lettieri 34) at 17:59
Mike Hardman (SEA) for Roughing (Minor) at 0:53
Reese Johnson (CHA) for Fighting (Major) at 2:56
Scott Mayfield (SEA) for Fighting (Major) at 2:56
Scott Mayfield (SEA) for instigated a fight (Game Misconduct) at 2:56
Andy Andreoff (CHA) for Hooking (Minor) at 8:37
2nd period
3. Checkers , Riley Barber 29 (Ben Hutton 4, Andy Andreoff 47) at 6:11 (PP)
4. Palm Springs Eager , Nico Sturm 24 (Saku Maenalanen 34, Vili Saarijarvi 8) at 6:30
Nikita Nesterenko (SEA) for Holding (Minor) at 5:51
Andy Andreoff (CHA) for Boarding (Minor) at 6:54
Michael Vukojevic (CHA) for Interference (Minor) at 16:29
3rd period
5. Palm Springs Eager , Rocco Grimaldi 11 (Jonathan Toews 42, Steven Lorentz 40) at 3:14
6. Checkers , Joshua Ho-Sang 36 (Miles Wood 37, Michael Vukojevic 19) at 12:06
7. Checkers , Jackson Blake 20 (Reese Johnson 28) at 13:53
8. Palm Springs Eager , Colin Miller 6 (Ryan Graves 41, Steven Lorentz 41) at 16:51 (PP)
Jackson Blake (CHA) for Holding (Minor) at 16:43
Max Crozier (CHA) for Roughing (Minor) at 17:07
Overtime #1
9. Palm Springs Eager , Mike Hardman 29 (Steven Lorentz 42, Colin Miller 27) at 4:00
No Penalty
Goalie Stats
Joseph Woll (SEA), 32 saves from 36 shots - (0,889), W, 10-7-3, 64:01 minutes
Jake Kielly (CHA), 33 saves from 38 shots - (0,868), OTL, 30-31-9, 64:01 minutes
3 StarsOfficial
1 - Colin Miller (SEA)
2 - Steven Lorentz (SEA)
3 - Saku Maenalanen (SEA)
Referees : Dan O'Rourke and Steve Kozari
Linesman : Mark Shewchyk and Jay Sharrers
Game Note
Scott Mayfield beats up Reese Johnson at 2:56 of 1st period
Scott Mayfield (SEA) for instigated a fight (Game Misconduct) at 2:56
Scott Mayfield ejected from game at 2:56 of 1st period
Finance
Level 1 -- Attendance: 1377 (68,85%) -- Ticket Income $61,965
Level 2 -- Attendance: 593 (59,30%) -- Ticket Income $14,825
Total Attendance: 1970 (65,67%)
Total Ticket Income: $76,790
Other Income: $15,358
Total Income: $92,148



Team Name Goals Shots Shots Attemp Shots Blocked PIM HIT PP PK FO%
Palm Springs Eager 53883521201 / 5 (20%)147%
Checkers 436561915211 / 3 (33%)153%

Palm Springs Eager
Player Name POS G A P +/- PIM HIT SHT SB MP PP MP PP SHT PK MP PK SHT FO% FOT
Alexander CampbellC/LW000003205:470:0000:0000% 0
Colin MillerD1230025231:272:3232:1400% 0
Dmitry OvchinnikovLW0000001011:120:0000:0000% 0
Gavin BayreutherD0001011026:024:1312:0400% 0
Jonathan ToewsC0110023024:064:5402:35048% 33
Lias AnderssonC0000002011:120:0000:00056% 16
Mike HardmanC/LW/RW1011231018:592:2300:00052% 21
Nico SturmC/LW1010013020:393:1001:43033% 6
Nikita NesterenkoC/LW/RW000020005:460:0000:000100% 1
Radko GudasD0000042022:274:1312:0400% 0
Riley DuranC000000015:470:0000:00038% 8
Rocco GrimaldiC/RW1010003024:455:4121:43038% 8
Ryan GravesD011-2001125:183:5102:1400% 0
Saku MaenalanenC/LW/RW1120006019:153:1020:0000% 0
Scott MayfieldD0000170000:030:0000:0000% 0
Scott ReedyC0000030011:120:0000:0000% 0
Steven LorentzC/LW0331018025:024:5412:35020% 5
Vili SaarijarviD0112000118:431:1900:0000% 0
Checkers
Player Name POS G A P +/- PIM HIT SHT SB MP PP MP PP SHT PK MP PK SHT FO% FOT
Aarne TalvitieC000000005:430:0000:56020% 10
Andy AndreoffC/LW0110422220:142:4010:00075% 28
Ben HuttonD0220021524:322:2004:4100% 0
Brett SutterC/LW0000014117:512:4000:000100% 1
Demetrios KoumontzisD0000010015:550:0001:1800% 0
Jackson BlakeRW1010211014:080:0000:0000% 1
Jaynen RisslingD000-1031422:001:5802:5900% 0
John SchiavoRW000000001:320:0000:00050% 2
Joshua Ho-SangRW1010016017:191:3812:10075% 4
Max CrozierD0000224119:471:5822:2000% 0
Michael VukojevicD0110210114:450:0000:0900% 0
Miles WoodLW112-1005321:201:3804:35033% 3
Petrus PalmuRW000000004:470:0000:0000% 0
Reese JohnsonC011-1521115:020:0000:32050% 16
Richards BukartsLW0000000015:120:0001:0300% 1
Riley BarberRW1010005020:172:4012:26067% 3
Troy StecherD0000020127:002:2004:4100% 0
Vinni LettieriC0110036026:291:3814:26245% 29



Play-by-Play

1st period


0:01 of 1st period - Jonathan Toews wins face-off versus Vinni Lettieri in neutral zone.
0:39 of 1st period - Icing by Troy Stecher.
0:40 of 1st period - Mike Hardman wins face-off versus Vinni Lettieri in Checkers zone.
0:53 of 1st period - Minor Penalty to Mike Hardman for Roughing.
0:54 of 1st period - Brett Sutter wins face-off versus Jonathan Toews in Palm Springs Eager zone.
1:13 of 1st period - Shot by Andy Andreoff.
1:13 of 1st period - Stopped by Joseph Woll without a rebound.
1:14 of 1st period - Andy Andreoff wins face-off versus Rocco Grimaldi in Palm Springs Eager zone.
1:25 of 1st period - Shot by Ben Hutton.
1:25 of 1st period - Deflect By Riley Barber.
1:25 of 1st period - Shot Misses the Net.
2:43 of 1st period - Icing by Andy Andreoff.
2:44 of 1st period - Andy Andreoff wins face-off versus Rocco Grimaldi in Checkers zone.
2:55 of 1st period - Shot by Riley Barber.
2:55 of 1st period - Shot Blocked by Vili Saarijarvi.
2:56 of 1st period - Scott Mayfield beats up Reese Johnson.
2:56 of 1st period - Penalty to Reese Johnson for Fighting.
2:56 of 1st period - Penalty to Scott Mayfield for Fighting.
2:56 of 1st period - Penalty to Scott Mayfield for instigated a fight.
2:56 of 1st period - Scott Mayfield is ejected from game.
2:57 of 1st period - Jonathan Toews wins face-off versus Andy Andreoff in Palm Springs Eager zone.
3:03 of 1st period - Icing by Troy Stecher.
3:04 of 1st period - Andy Andreoff wins face-off versus Jonathan Toews in Checkers zone.
3:51 of 1st period - Shot by Miles Wood.
3:51 of 1st period - Deflect By Joshua Ho-Sang.
3:51 of 1st period - Stopped by Joseph Woll without a rebound.
3:52 of 1st period - Vinni Lettieri wins face-off versus Jonathan Toews in Palm Springs Eager zone.
3:53 of 1st period - Shot by Max Crozier.
3:53 of 1st period - Stopped by Joseph Woll without a rebound.
3:54 of 1st period - Joshua Ho-Sang wins face-off versus Jonathan Toews in Palm Springs Eager zone.
3:54 of 1st period - Vinni Lettieri is hit by Colin Miller.
4:02 of 1st period - Shot by Vinni Lettieri.
4:02 of 1st period - Stopped by Joseph Woll without a rebound.
4:03 of 1st period - Jonathan Toews wins face-off versus Vinni Lettieri in Palm Springs Eager zone.
4:25 of 1st period - Shot by Jaynen Rissling.
4:25 of 1st period - Shot Blocked by Colin Miller.
4:27 of 1st period - Shot by Max Crozier.
4:27 of 1st period - Stopped by Joseph Woll without a rebound.
4:28 of 1st period - Jonathan Toews wins face-off versus Andy Andreoff in Palm Springs Eager zone.
4:57 of 1st period - Ben Hutton is hit by Scott Reedy and loses puck.
5:27 of 1st period - Icing by Gavin Bayreuther.
5:28 of 1st period - Lias Andersson wins face-off versus Aarne Talvitie in Palm Springs Eager zone.
5:33 of 1st period - Shot by Scott Reedy.
5:33 of 1st period - Deflect By Dmitry Ovchinnikov.
5:33 of 1st period - Stopped by Jake Kielly with a rebound.
5:35 of 1st period - Shot by Lias Andersson.
5:35 of 1st period - Shot Misses the Net.
6:04 of 1st period - Icing by Ryan Graves.
6:05 of 1st period - Andy Andreoff wins face-off versus Jonathan Toews in Palm Springs Eager zone.
6:18 of 1st period - Shot by Rocco Grimaldi.
6:18 of 1st period - Shot Blocked by Andy Andreoff.
6:21 of 1st period - Steven Lorentz is hit by Troy Stecher.
6:36 of 1st period - Icing by Colin Miller.
6:37 of 1st period - Jonathan Toews wins face-off versus John Schiavo in Palm Springs Eager zone.
8:37 of 1st period - Minor Penalty to Andy Andreoff for Hooking.
8:38 of 1st period - Aarne Talvitie wins face-off versus Jonathan Toews in Checkers zone.
8:47 of 1st period - Shot by Rocco Grimaldi.
8:47 of 1st period - Shot Misses the Net.
8:53 of 1st period - Shot by Rocco Grimaldi.
8:53 of 1st period - Stopped by Jake Kielly without a rebound.
8:54 of 1st period - Rocco Grimaldi wins face-off versus Aarne Talvitie in Checkers zone.
10:54 of 1st period - Shot by Brett Sutter.
10:54 of 1st period - Stopped by Joseph Woll without a rebound.
10:55 of 1st period - Lias Andersson wins face-off versus Aarne Talvitie in Palm Springs Eager zone.
11:15 of 1st period - Icing by Troy Stecher.
11:16 of 1st period - Aarne Talvitie wins face-off versus Riley Duran in Checkers zone.
11:16 of 1st period - Aarne Talvitie is hit by Alexander Campbell.
11:52 of 1st period - Shot by Riley Barber.
11:52 of 1st period - Shot Blocked by Riley Duran.
11:54 of 1st period - Shot by Brett Sutter.
11:54 of 1st period - Stopped by Joseph Woll without a rebound.
11:55 of 1st period - Reese Johnson wins face-off versus Lias Andersson in Palm Springs Eager zone.
11:55 of 1st period - Reese Johnson is hit by Radko Gudas.
12:18 of 1st period - Demetrios Koumontzis is hit by Radko Gudas and loses puck.
13:27 of 1st period - Icing by Jaynen Rissling.
13:28 of 1st period - Andy Andreoff wins face-off versus Nico Sturm in Checkers zone.
13:28 of 1st period - Andy Andreoff is hit by Nico Sturm.
14:05 of 1st period - Max Crozier is hit by Alexander Campbell.
14:06 of 1st period - Icing by Max Crozier.
14:07 of 1st period - Lias Andersson wins face-off versus Riley Barber in Checkers zone.
14:11 of 1st period - Scott Reedy is hit by Max Crozier.
14:27 of 1st period - Off-side.
14:28 of 1st period - Vinni Lettieri wins face-off versus Jonathan Toews in neutral zone.
14:49 of 1st period - Shot by Steven Lorentz.
14:49 of 1st period - Stopped by Jake Kielly with a rebound.
14:55 of 1st period - Shot by Miles Wood.
14:55 of 1st period - Stopped by Joseph Woll with a rebound.
15:35 of 1st period - Shot by Nico Sturm.
15:35 of 1st period - Stopped by Jake Kielly without a rebound.
15:36 of 1st period - Mike Hardman wins face-off versus Aarne Talvitie in Checkers zone.
16:09 of 1st period - Shot by Nico Sturm.
16:09 of 1st period - Stopped by Jake Kielly without a rebound.
16:10 of 1st period - Lias Andersson wins face-off versus Jackson Blake in Checkers zone.
16:10 of 1st period - Ryan Graves is hit by Ben Hutton and loses puck.
17:22 of 1st period - Shot by Andy Andreoff.
17:22 of 1st period - Deflect By Brett Sutter.
17:22 of 1st period - Shot Misses the Net.
17:24 of 1st period - Shot by Riley Barber.
17:24 of 1st period - Shot Misses the Net.
17:26 of 1st period - Shot by Max Crozier.
17:26 of 1st period - Stopped by Joseph Woll without a rebound.
17:27 of 1st period - Mike Hardman wins face-off versus Vinni Lettieri in Palm Springs Eager zone.
17:37 of 1st period - Shot by Saku Maenalanen.
17:37 of 1st period - Goal by Saku Maenalanen - Palm Springs Eager : 1 - Checkers : 0.
17:38 of 1st period - Jonathan Toews wins face-off versus Vinni Lettieri in neutral zone.
17:57 of 1st period - Shot by Miles Wood.
17:57 of 1st period - Stopped by Joseph Woll with a rebound.
17:59 of 1st period - Shot by Miles Wood.
17:59 of 1st period - Goal by Miles Wood - Palm Springs Eager : 1 - Checkers : 1.
18:00 of 1st period - Mike Hardman wins face-off versus Andy Andreoff in neutral zone.
18:00 of 1st period - Nico Sturm is hit by Andy Andreoff and loses puck.
18:30 of 1st period - Icing by Colin Miller.
18:31 of 1st period - Vinni Lettieri wins face-off versus Mike Hardman in Palm Springs Eager zone.
18:57 of 1st period - Shot by Joshua Ho-Sang.
18:57 of 1st period - Stopped by Joseph Woll with a rebound.
19:48 of 1st period - Shot by Lias Andersson.
19:48 of 1st period - Shot Blocked by Brett Sutter.
19:57 of 1st period - Icing by Colin Miller.
19:58 of 1st period - Lias Andersson wins face-off versus Richards Bukarts in Palm Springs Eager zone.
19:58 of 1st period - Lias Andersson is hit by Reese Johnson.
Goals for this period are 1 for Palm Springs Eager vs 1 for Checkers.
Shots for this period are 6 for Palm Springs Eager vs 12 for Checkers.

2nd period


0:01 of 2nd period - Miles Wood wins face-off versus Jonathan Toews in neutral zone.
0:23 of 2nd period - Shot by Rocco Grimaldi.
0:23 of 2nd period - Deflect By Steven Lorentz.
0:23 of 2nd period - Stopped by Jake Kielly without a rebound.
0:24 of 2nd period - Andy Andreoff wins face-off versus Nico Sturm in Checkers zone.
1:24 of 2nd period - Saku Maenalanen is hit by Joshua Ho-Sang and loses puck.
1:32 of 2nd period - Icing by Nico Sturm.
1:33 of 2nd period - Reese Johnson wins face-off versus Mike Hardman in Palm Springs Eager zone.
1:54 of 2nd period - Icing by Reese Johnson.
1:55 of 2nd period - Reese Johnson wins face-off versus Jonathan Toews in Checkers zone.
2:03 of 2nd period - Shot by Jonathan Toews.
2:03 of 2nd period - Shot Misses the Net.
2:57 of 2nd period - Richards Bukarts is hit by Scott Reedy and loses puck.
3:06 of 2nd period - Shot by Dmitry Ovchinnikov.
3:06 of 2nd period - Shot Misses the Net.
3:08 of 2nd period - Shot by Scott Reedy.
3:08 of 2nd period - Shot Misses the Net.
3:10 of 2nd period - Shot by Radko Gudas.
3:10 of 2nd period - Stopped by Jake Kielly without a rebound.
3:11 of 2nd period - Vinni Lettieri wins face-off versus Riley Duran in Checkers zone.
3:15 of 2nd period - Off-side.
3:16 of 2nd period - Vinni Lettieri wins face-off versus Riley Duran in neutral zone.
3:19 of 2nd period - Shot by Joshua Ho-Sang.
3:19 of 2nd period - Stopped by Joseph Woll without a rebound.
3:20 of 2nd period - Vinni Lettieri wins face-off versus Lias Andersson in Palm Springs Eager zone.
3:34 of 2nd period - Shot by Ryan Graves.
3:34 of 2nd period - Shot Blocked by Troy Stecher.
3:36 of 2nd period - Shot by Colin Miller.
3:36 of 2nd period - Stopped by Jake Kielly with a rebound.
3:50 of 2nd period - Shot by Lias Andersson.
3:50 of 2nd period - Shot Misses the Net.
4:16 of 2nd period - Shot by Jonathan Toews.
4:16 of 2nd period - Stopped by Jake Kielly without a rebound.
4:17 of 2nd period - Andy Andreoff wins face-off versus Mike Hardman in Checkers zone.
4:42 of 2nd period - Shot by Brett Sutter.
4:42 of 2nd period - Shot Misses the Net.
4:44 of 2nd period - Shot by Jaynen Rissling.
4:44 of 2nd period - Stopped by Joseph Woll without a rebound.
4:45 of 2nd period - Jonathan Toews wins face-off versus Aarne Talvitie in Palm Springs Eager zone.
5:45 of 2nd period - Andy Andreoff is hit by Alexander Campbell and loses puck.
5:51 of 2nd period - Minor Penalty to Nikita Nesterenko for Holding.
5:52 of 2nd period - Andy Andreoff wins face-off versus Jonathan Toews in Palm Springs Eager zone.
6:11 of 2nd period - Shot by Riley Barber.
6:11 of 2nd period - Goal by Riley Barber - Palm Springs Eager : 1 - Checkers : 2.
6:12 of 2nd period - Nico Sturm wins face-off versus Reese Johnson in neutral zone.
6:15 of 2nd period - Jackson Blake is hit by Mike Hardman and loses puck.
6:24 of 2nd period - Vili Saarijarvi is hit by Reese Johnson.
6:28 of 2nd period - Shot by Saku Maenalanen.
6:28 of 2nd period - Shot Blocked by Jaynen Rissling.
6:30 of 2nd period - Shot by Nico Sturm.
6:30 of 2nd period - Goal by Nico Sturm - Palm Springs Eager : 2 - Checkers : 2.
6:31 of 2nd period - Lias Andersson wins face-off versus Andy Andreoff in neutral zone.
6:39 of 2nd period - Icing by Troy Stecher.
6:40 of 2nd period - Riley Barber wins face-off versus Mike Hardman in Checkers zone.
6:45 of 2nd period - Shot by Saku Maenalanen.
6:45 of 2nd period - Stopped by Jake Kielly without a rebound.
6:46 of 2nd period - Andy Andreoff wins face-off versus Jonathan Toews in Checkers zone.
6:54 of 2nd period - Minor Penalty to Andy Andreoff for Boarding.
6:55 of 2nd period - Rocco Grimaldi wins face-off versus Vinni Lettieri in Checkers zone.
6:56 of 2nd period - Shot by Colin Miller.
6:56 of 2nd period - Shot Blocked by Ben Hutton.
6:58 of 2nd period - Shot by Colin Miller.
6:58 of 2nd period - Stopped by Jake Kielly with a rebound.
7:00 of 2nd period - Shot by Ryan Graves.
7:00 of 2nd period - Shot Misses the Net.
7:02 of 2nd period - Shot by Colin Miller.
7:02 of 2nd period - Stopped by Jake Kielly without a rebound.
7:03 of 2nd period - Vinni Lettieri wins face-off versus Steven Lorentz in Checkers zone.
7:20 of 2nd period - Shot by Vinni Lettieri.
7:20 of 2nd period - Stopped by Joseph Woll without a rebound.
7:21 of 2nd period - Vinni Lettieri wins face-off versus Rocco Grimaldi in Palm Springs Eager zone.
7:44 of 2nd period - Shot by Radko Gudas.
7:44 of 2nd period - Shot Blocked by Miles Wood.
7:46 of 2nd period - Shot by Nico Sturm.
7:46 of 2nd period - Shot Misses the Net.
7:48 of 2nd period - Shot by Saku Maenalanen.
7:48 of 2nd period - Stopped by Jake Kielly without a rebound.
7:49 of 2nd period - Joshua Ho-Sang wins face-off versus Steven Lorentz in Checkers zone.
8:41 of 2nd period - Shot by Gavin Bayreuther.
8:41 of 2nd period - Stopped by Jake Kielly without a rebound.
8:42 of 2nd period - Vinni Lettieri wins face-off versus Mike Hardman in Checkers zone.
9:38 of 2nd period - Icing by Demetrios Koumontzis.
9:39 of 2nd period - Mike Hardman wins face-off versus Reese Johnson in Checkers zone.
9:40 of 2nd period - Shot by Colin Miller.
9:40 of 2nd period - Shot Misses the Net.
10:06 of 2nd period - Shot by Brett Sutter.
10:06 of 2nd period - Stopped by Joseph Woll with a rebound.
10:08 of 2nd period - Shot by Riley Barber.
10:08 of 2nd period - Shot Misses the Net.
10:24 of 2nd period - Shot by Andy Andreoff.
10:24 of 2nd period - Deflect By Riley Barber.
10:24 of 2nd period - Stopped by Joseph Woll without a rebound.
10:25 of 2nd period - Jonathan Toews wins face-off versus Vinni Lettieri in Palm Springs Eager zone.
10:25 of 2nd period - Jonathan Toews is hit by Vinni Lettieri.
10:31 of 2nd period - Shot by Miles Wood.
10:31 of 2nd period - Shot Misses the Net.
10:36 of 2nd period - Miles Wood is hit by Gavin Bayreuther and loses puck.
10:50 of 2nd period - Icing by Vili Saarijarvi.
10:51 of 2nd period - Jonathan Toews wins face-off versus Aarne Talvitie in Palm Springs Eager zone.
11:37 of 2nd period - Icing by Vili Saarijarvi.
11:38 of 2nd period - Andy Andreoff wins face-off versus Jonathan Toews in Palm Springs Eager zone.
11:47 of 2nd period - Shot by Andy Andreoff.
11:47 of 2nd period - Stopped by Joseph Woll without a rebound.
11:48 of 2nd period - Mike Hardman wins face-off versus Reese Johnson in Palm Springs Eager zone.
12:00 of 2nd period - Off-side.
12:01 of 2nd period - Andy Andreoff wins face-off versus Riley Duran in neutral zone.
12:28 of 2nd period - Icing by Andy Andreoff.
12:29 of 2nd period - Andy Andreoff wins face-off versus Mike Hardman in Checkers zone.
12:29 of 2nd period - Max Crozier is hit by Mike Hardman and loses puck.
12:38 of 2nd period - Shot by Saku Maenalanen.
12:38 of 2nd period - Shot Misses the Net.
12:50 of 2nd period - Shot by Mike Hardman.
12:50 of 2nd period - Shot Blocked by Jaynen Rissling.
13:00 of 2nd period - Shot by Saku Maenalanen.
13:00 of 2nd period - Stopped by Jake Kielly without a rebound.
13:01 of 2nd period - Jonathan Toews wins face-off versus Vinni Lettieri in Checkers zone.
13:07 of 2nd period - Steven Lorentz is hit by Troy Stecher and loses puck.
13:17 of 2nd period - Steven Lorentz is hit by Ben Hutton and loses puck.
13:28 of 2nd period - Shot by Steven Lorentz.
13:28 of 2nd period - Stopped by Jake Kielly without a rebound.
13:29 of 2nd period - Lias Andersson wins face-off versus Reese Johnson in Checkers zone.
13:29 of 2nd period - Lias Andersson is hit by Demetrios Koumontzis.
13:41 of 2nd period - Michael Vukojevic is hit by Scott Reedy and loses puck.
13:47 of 2nd period - Icing by Demetrios Koumontzis.
13:48 of 2nd period - Mike Hardman wins face-off versus Reese Johnson in Checkers zone.
14:01 of 2nd period - Richards Bukarts is hit by Mike Hardman and loses puck.
15:07 of 2nd period - Saku Maenalanen is hit by Jaynen Rissling and loses puck.
15:14 of 2nd period - Shot by Max Crozier.
15:14 of 2nd period - Stopped by Joseph Woll without a rebound.
15:15 of 2nd period - Jonathan Toews wins face-off versus Andy Andreoff in Palm Springs Eager zone.
15:15 of 2nd period - Jonathan Toews is hit by Brett Sutter.
15:30 of 2nd period - Rocco Grimaldi is hit by Jaynen Rissling and loses puck.
15:37 of 2nd period - Shot by Steven Lorentz.
15:37 of 2nd period - Shot Misses the Net.
15:47 of 2nd period - Shot by Jonathan Toews.
15:47 of 2nd period - Stopped by Jake Kielly with a rebound.
15:49 of 2nd period - Shot by Ryan Graves.
15:49 of 2nd period - Shot Blocked by Jaynen Rissling.
15:51 of 2nd period - Shot by Jonathan Toews.
15:51 of 2nd period - Deflect By Rocco Grimaldi.
15:51 of 2nd period - Shot Misses the Net.
15:55 of 2nd period - Shot by Steven Lorentz.
15:55 of 2nd period - Stopped by Jake Kielly without a rebound.
15:56 of 2nd period - Reese Johnson wins face-off versus Lias Andersson in Checkers zone.
16:09 of 2nd period - Shot by Reese Johnson.
16:09 of 2nd period - Shot Misses the Net.
16:11 of 2nd period - Shot by Ben Hutton.
16:11 of 2nd period - Stopped by Joseph Woll without a rebound.
16:12 of 2nd period - Nikita Nesterenko wins face-off versus Vinni Lettieri in Palm Springs Eager zone.
16:12 of 2nd period - Nikita Nesterenko is hit by Vinni Lettieri.
16:29 of 2nd period - Minor Penalty to Michael Vukojevic for Interference.
16:30 of 2nd period - Vinni Lettieri wins face-off versus Jonathan Toews in Checkers zone.
16:30 of 2nd period - Vinni Lettieri is hit by Jonathan Toews.
17:47 of 2nd period - Icing by Mike Hardman.
17:48 of 2nd period - Mike Hardman wins face-off versus Vinni Lettieri in Palm Springs Eager zone.
18:12 of 2nd period - Shot by Rocco Grimaldi.
18:12 of 2nd period - Stopped by Jake Kielly without a rebound.
18:13 of 2nd period - Jonathan Toews wins face-off versus Joshua Ho-Sang in Checkers zone.
19:16 of 2nd period - Shot by Alexander Campbell.
19:16 of 2nd period - Shot Misses the Net.
19:36 of 2nd period - Shot by Alexander Campbell.
19:36 of 2nd period - Stopped by Jake Kielly without a rebound.
19:37 of 2nd period - Andy Andreoff wins face-off versus Rocco Grimaldi in Checkers zone.
Goals for this period are 1 for Palm Springs Eager vs 1 for Checkers.
Shots for this period are 16 for Palm Springs Eager vs 9 for Checkers.

3rd period


0:01 of 3rd period - Jonathan Toews wins face-off versus Vinni Lettieri in neutral zone.
0:52 of 3rd period - Riley Barber is hit by Colin Miller and loses puck.
0:59 of 3rd period - Shot by Brett Sutter.
0:59 of 3rd period - Stopped by Joseph Woll without a rebound.
1:00 of 3rd period - Mike Hardman wins face-off versus Reese Johnson in Palm Springs Eager zone.
1:00 of 3rd period - Mike Hardman is hit by Jackson Blake.
1:18 of 3rd period - Shot by Mike Hardman.
1:18 of 3rd period - Deflect By Saku Maenalanen.
1:18 of 3rd period - Stopped by Jake Kielly without a rebound.
1:19 of 3rd period - Andy Andreoff wins face-off versus Lias Andersson in Checkers zone.
1:48 of 3rd period - Shot by Andy Andreoff.
1:48 of 3rd period - Shot Misses the Net.
2:22 of 3rd period - Shot by Nico Sturm.
2:22 of 3rd period - Shot Blocked by Miles Wood.
2:24 of 3rd period - Shot by Mike Hardman.
2:24 of 3rd period - Shot Misses the Net.
2:48 of 3rd period - Shot by Nico Sturm.
2:48 of 3rd period - Shot Hit the Post.
2:59 of 3rd period - Icing by Ben Hutton.
3:00 of 3rd period - Vinni Lettieri wins face-off versus Jonathan Toews in Checkers zone.
3:12 of 3rd period - Shot by Rocco Grimaldi.
3:12 of 3rd period - Shot Misses the Net.
3:14 of 3rd period - Shot by Jonathan Toews.
3:14 of 3rd period - Deflect By Rocco Grimaldi.
3:14 of 3rd period - Goal by Rocco Grimaldi - Palm Springs Eager : 3 - Checkers : 2.
3:15 of 3rd period - Andy Andreoff wins face-off versus Riley Duran in neutral zone.
3:42 of 3rd period - Colin Miller is hit by Jaynen Rissling and loses puck.
3:53 of 3rd period - Riley Duran is hit by Andy Andreoff and loses puck.
4:12 of 3rd period - Richards Bukarts is hit by Jonathan Toews and loses puck.
4:42 of 3rd period - Steven Lorentz is hit by Michael Vukojevic and loses puck.
5:17 of 3rd period - Shot by Saku Maenalanen.
5:17 of 3rd period - Shot Blocked by Reese Johnson.
5:30 of 3rd period - Icing by Demetrios Koumontzis.
5:31 of 3rd period - Lias Andersson wins face-off versus Reese Johnson in Checkers zone.
5:38 of 3rd period - Shot by Lias Andersson.
5:38 of 3rd period - Shot Hit the Post.
6:26 of 3rd period - Shot by Joshua Ho-Sang.
6:26 of 3rd period - Stopped by Joseph Woll without a rebound.
6:27 of 3rd period - Mike Hardman wins face-off versus Andy Andreoff in Palm Springs Eager zone.
7:21 of 3rd period - Radko Gudas is hit by Vinni Lettieri and loses puck.
7:50 of 3rd period - Shot by Joshua Ho-Sang.
7:50 of 3rd period - Stopped by Joseph Woll without a rebound.
7:51 of 3rd period - Lias Andersson wins face-off versus Vinni Lettieri in Palm Springs Eager zone.
8:01 of 3rd period - Icing by Ben Hutton.
8:02 of 3rd period - Riley Duran wins face-off versus Aarne Talvitie in Checkers zone.
8:07 of 3rd period - Shot by Nikita Nesterenko.
8:07 of 3rd period - Deflect By Alexander Campbell.
8:07 of 3rd period - Shot Blocked by Ben Hutton.
8:53 of 3rd period - Saku Maenalanen is hit by Max Crozier and loses puck.
9:08 of 3rd period - Shot by Nico Sturm.
9:08 of 3rd period - Shot Blocked by Max Crozier.
9:20 of 3rd period - Shot by Riley Barber.
9:20 of 3rd period - Stopped by Joseph Woll without a rebound.
9:21 of 3rd period - John Schiavo wins face-off versus Steven Lorentz in Palm Springs Eager zone.
9:38 of 3rd period - Shot by Jonathan Toews.
9:38 of 3rd period - Stopped by Jake Kielly without a rebound.
9:39 of 3rd period - Reese Johnson wins face-off versus Lias Andersson in Checkers zone.
11:58 of 3rd period - Shot by Miles Wood.
11:58 of 3rd period - Deflect By Joshua Ho-Sang.
11:58 of 3rd period - Shot Blocked by Ryan Graves.
12:00 of 3rd period - Shot by Miles Wood.
12:00 of 3rd period - Shot Blocked by Colin Miller.
12:04 of 3rd period - Shot by Miles Wood.
12:04 of 3rd period - Shot Hit the Post.
12:06 of 3rd period - Shot by Joshua Ho-Sang.
12:06 of 3rd period - Goal by Joshua Ho-Sang - Palm Springs Eager : 3 - Checkers : 3.
12:07 of 3rd period - Riley Duran wins face-off versus Aarne Talvitie in neutral zone.
12:12 of 3rd period - Shot by Alexander Campbell.
12:12 of 3rd period - Stopped by Jake Kielly with a rebound.
12:16 of 3rd period - Shot by Alexander Campbell.
12:16 of 3rd period - Shot Blocked by Ben Hutton.
12:18 of 3rd period - Shot by Nikita Nesterenko.
12:18 of 3rd period - Shot Misses the Net.
12:20 of 3rd period - Shot by Vili Saarijarvi.
12:20 of 3rd period - Shot Misses the Net.
12:22 of 3rd period - Shot by Colin Miller.
12:22 of 3rd period - Stopped by Jake Kielly without a rebound.
12:23 of 3rd period - Andy Andreoff wins face-off versus Lias Andersson in Checkers zone.
12:31 of 3rd period - Shot by Scott Reedy.
12:31 of 3rd period - Shot Misses the Net.
12:33 of 3rd period - Shot by Lias Andersson.
12:33 of 3rd period - Shot Blocked by Michael Vukojevic.
13:01 of 3rd period - Icing by Riley Barber.
13:02 of 3rd period - Riley Barber wins face-off versus Jonathan Toews in Checkers zone.
13:02 of 3rd period - Riley Barber is hit by Steven Lorentz.
13:18 of 3rd period - Joshua Ho-Sang is hit by Radko Gudas and loses puck.
13:35 of 3rd period - Shot by Vinni Lettieri.
13:35 of 3rd period - Stopped by Joseph Woll with a rebound.
13:37 of 3rd period - Shot by Miles Wood.
13:37 of 3rd period - Shot Misses the Net.
13:39 of 3rd period - Shot by Troy Stecher.
13:39 of 3rd period - Shot Misses the Net.
13:47 of 3rd period - Shot by Miles Wood.
13:47 of 3rd period - Stopped by Joseph Woll without a rebound.
13:48 of 3rd period - Reese Johnson wins face-off versus Mike Hardman in Palm Springs Eager zone.
13:53 of 3rd period - Shot by Jackson Blake.
13:53 of 3rd period - Goal by Jackson Blake - Palm Springs Eager : 3 - Checkers : 4.
13:54 of 3rd period - Reese Johnson wins face-off versus Mike Hardman in neutral zone.
14:52 of 3rd period - Shot by Scott Reedy.
14:52 of 3rd period - Deflect By Lias Andersson.
14:52 of 3rd period - Stopped by Jake Kielly without a rebound.
14:53 of 3rd period - Vinni Lettieri wins face-off versus Jonathan Toews in Checkers zone.
15:00 of 3rd period - Shot by Miles Wood.
15:00 of 3rd period - Stopped by Joseph Woll without a rebound.
15:01 of 3rd period - Jonathan Toews wins face-off versus Miles Wood in Palm Springs Eager zone.
15:10 of 3rd period - Shot by Steven Lorentz.
15:10 of 3rd period - Stopped by Jake Kielly with a rebound.
15:12 of 3rd period - Shot by Jonathan Toews.
15:12 of 3rd period - Shot Blocked by Miles Wood.
15:14 of 3rd period - Shot by Colin Miller.
15:14 of 3rd period - Shot Misses the Net.
15:16 of 3rd period - Shot by Ryan Graves.
15:16 of 3rd period - Stopped by Jake Kielly with a rebound.
15:18 of 3rd period - Shot by Rocco Grimaldi.
15:18 of 3rd period - Deflect By Jonathan Toews.
15:18 of 3rd period - Shot Misses the Net.
15:20 of 3rd period - Shot by Ryan Graves.
15:20 of 3rd period - Shot Misses the Net.
15:37 of 3rd period - Shot by Joshua Ho-Sang.
15:37 of 3rd period - Shot Misses the Net.
16:43 of 3rd period - Minor Penalty to Jackson Blake for Holding.
16:44 of 3rd period - Jonathan Toews wins face-off versus Vinni Lettieri in Checkers zone.
16:49 of 3rd period - Shot by Ryan Graves.
16:49 of 3rd period - Shot Misses the Net.
16:51 of 3rd period - Shot by Colin Miller.
16:51 of 3rd period - Goal by Colin Miller - Palm Springs Eager : 4 - Checkers : 4.
16:52 of 3rd period - Reese Johnson wins face-off versus Lias Andersson in neutral zone.
17:07 of 3rd period - Shot by Lias Andersson.
17:07 of 3rd period - Stopped by Jake Kielly without a rebound.
17:07 of 3rd period - Minor Penalty to Max Crozier for Roughing.
17:08 of 3rd period - Jonathan Toews wins face-off versus Vinni Lettieri in Checkers zone.
17:24 of 3rd period - Shot by Ryan Graves.
17:24 of 3rd period - Deflect By Rocco Grimaldi.
17:24 of 3rd period - Shot Misses the Net.
17:26 of 3rd period - Shot by Ryan Graves.
17:26 of 3rd period - Shot Blocked by Ben Hutton.
17:34 of 3rd period - Shot by Rocco Grimaldi.
17:34 of 3rd period - Shot Misses the Net.
17:36 of 3rd period - Shot by Colin Miller.
17:36 of 3rd period - Shot Blocked by Ben Hutton.
18:00 of 3rd period - Off-side.
18:01 of 3rd period - Nico Sturm wins face-off versus Vinni Lettieri in neutral zone.
18:10 of 3rd period - Shot by Saku Maenalanen.
18:10 of 3rd period - Shot Blocked by Jaynen Rissling.
18:12 of 3rd period - Shot by Radko Gudas.
18:12 of 3rd period - Stopped by Jake Kielly with a rebound.
18:14 of 3rd period - Shot by Saku Maenalanen.
18:14 of 3rd period - Stopped by Jake Kielly without a rebound.
18:15 of 3rd period - Joshua Ho-Sang wins face-off versus Jonathan Toews in Checkers zone.
18:30 of 3rd period - Shot by Steven Lorentz.
18:30 of 3rd period - Stopped by Jake Kielly without a rebound.
18:31 of 3rd period - Rocco Grimaldi wins face-off versus Vinni Lettieri in Checkers zone.
18:53 of 3rd period - Icing by Nico Sturm.
18:54 of 3rd period - Vinni Lettieri wins face-off versus Rocco Grimaldi in Palm Springs Eager zone.
18:54 of 3rd period - Vinni Lettieri is hit by Radko Gudas.
18:58 of 3rd period - Shot by Vinni Lettieri.
18:58 of 3rd period - Stopped by Joseph Woll with a rebound.
19:27 of 3rd period - Shot by Riley Barber.
19:27 of 3rd period - Stopped by Joseph Woll with a rebound.
19:29 of 3rd period - Shot by Jaynen Rissling.
19:29 of 3rd period - Shot Misses the Net.
19:31 of 3rd period - Shot by Riley Barber.
19:31 of 3rd period - Stopped by Joseph Woll without a rebound.
19:32 of 3rd period - Riley Duran wins face-off versus Reese Johnson in Palm Springs Eager zone.
Goals for this period are 2 for Palm Springs Eager vs 2 for Checkers.
Shots for this period are 13 for Palm Springs Eager vs 12 for Checkers.

Overtime #1


0:01 of 1st overtime period - Andy Andreoff wins face-off versus Mike Hardman in neutral zone.
0:10 of 1st overtime period - Shot by Vinni Lettieri.
0:10 of 1st overtime period - Stopped by Joseph Woll without a rebound.
0:11 of 1st overtime period - Mike Hardman wins face-off versus Andy Andreoff in Palm Springs Eager zone.
0:39 of 1st overtime period - Shot by Vinni Lettieri.
0:39 of 1st overtime period - Stopped by Joseph Woll without a rebound.
0:40 of 1st overtime period - Andy Andreoff wins face-off versus Mike Hardman in Palm Springs Eager zone.
1:46 of 1st overtime period - Shot by Reese Johnson.
1:46 of 1st overtime period - Shot Misses the Net.
1:48 of 1st overtime period - Shot by Reese Johnson.
1:48 of 1st overtime period - Shot Misses the Net.
1:50 of 1st overtime period - Shot by Reese Johnson.
1:50 of 1st overtime period - Stopped by Joseph Woll without a rebound.
1:51 of 1st overtime period - Andy Andreoff wins face-off versus Nico Sturm in Palm Springs Eager zone.
2:20 of 1st overtime period - Shot by Mike Hardman.
2:20 of 1st overtime period - Shot Blocked by Andy Andreoff.
2:58 of 1st overtime period - Shot by Steven Lorentz.
2:58 of 1st overtime period - Stopped by Jake Kielly without a rebound.
2:59 of 1st overtime period - Steven Lorentz wins face-off versus Miles Wood in Checkers zone.
3:12 of 1st overtime period - Shot by Steven Lorentz.
3:12 of 1st overtime period - Stopped by Jake Kielly without a rebound.
3:13 of 1st overtime period - Andy Andreoff wins face-off versus Nico Sturm in Checkers zone.
3:36 of 1st overtime period - Icing by Andy Andreoff.
3:37 of 1st overtime period - Andy Andreoff wins face-off versus Steven Lorentz in Checkers zone.
4:00 of 1st overtime period - Shot by Steven Lorentz.
4:00 of 1st overtime period - Deflect By Mike Hardman.
4:00 of 1st overtime period - Goal by Mike Hardman - Palm Springs Eager : 5 - Checkers : 4.
Goals for this period are 1 for Palm Springs Eager vs 0 for Checkers.
Shots for this period are 3 for Palm Springs Eager vs 3 for Checkers.